 Dungeon Crawl Stone Soup version 0.31.0 (webtiles) character file.

Game seed: 4381764903820076203

84 qw the Shooter (level 4, -2/28 HPs)
             Began as a Gargoyle Hunter on Jan 20, 2024.
             Slain by a gnoll
             ... wielding a +0 halberd
              (10 damage)
             ... on level 3 of the Dungeon.
             The game lasted 00:00:06 (1766 turns).

qw the Shooter (Gargoyle Hunter)                    Turns: 1766, Time: 00:00:06

Health: -2/28      AC:  7    Str: 14    XL:     4   Next: 45%
Magic:  4/4        EV: 11    Int: 12    God:
Gold:   94         SH:  0    Dex: 15    Spells: 3/3 levels left

rFire   . . .        a - +0 shortbow
rCold   + . .        (shield currently unavailable)
rNeg    + + .        b - +0 leather armour of the Kettle-Drum {rElec rC+ rN+ Int+2}
rPois   inf          (no helmet)
rElec   +            e - +0 cloak
rCorr   .            (no gloves)
SInv    .            (no boots)
Will    .....        (no amulet)
Stlth   ++           (no ring)
HPRegen 0.24/turn    (no ring)
MPRegen 0.09/turn

%: no passive effects
@: no status effects
A: sickness immunity, AC +3, negative energy resistance 1, electricity
resistance, torment resistance 1, petrification resistance
a: no special abilities


You were on level 3 of the Dungeon.
You visited 1 branch of the dungeon, and saw 3 of its levels.

You collected 118 gold pieces.
You spent 24 gold pieces at shops.


Innate Abilities, Weirdness & Mutations

You are immune to sickness and miasma.
Your stone body is resilient. (AC +3)
You are immune to poison.
You resist negative energy. (rN+)
You are resistant to electric shocks. (rElec)
You are resistant to unholy torment.
You are immune to petrification.


   Skills:
 - Level 3.0 Fighting
 + Level 5.4 Ranged Weapons
 - Level 1.5 Dodging
 - Level 1.1 Stealth


You had 3 spell levels left.
You didn't know any spells.
Your spell library was empty.

Inventory:

Hand Weapons
 a - a +0 shortbow (weapon)
Armour
 b - the +0 leather armour of the Kettle-Drum (worn) {rElec rC+ rN+ Int+2}
   (You found it on level 2 of the Dungeon)

   Int+2:     It affects your intelligence (+2).
   rC+:       It protects you from cold.
   rElec:     It insulates you from electricity.
   rN+:       It protects you from negative energy.
 e - a +0 cloak (worn)
Jewellery
 f - a ring of fire
Potions
 g - a potion of curing
 i - a potion of resistance {unknown}

Dungeon Overview and Level Annotations

Branches:
Dungeon (3/15)

Altars:

Shops:
D:1 ?


Message History

1753 ||| RETREEEEATING.
A gnoll is nearby!
You shoot an arrow. The arrow completely misses the gnoll.
You shoot an arrow. The arrow closely misses the gnoll.
You shoot an arrow.
The arrow hits the gnoll but does no damage.
The gnoll is heavily wounded.
The gnoll closely misses you.
You shoot an arrow.
The arrow hits the gnoll but does no damage.
The gnoll is heavily wounded.
The gnoll closely misses you.
You shoot an arrow. The arrow hits the gnoll.
You kill the gnoll!
The gnoll hits you but does no damage.
You shoot an arrow. The arrow closely misses the gnoll.
The arrow hits the gnoll.
The gnoll is moderately wounded.
The gnoll hits you from afar with a +0 halberd!
The gnoll barely misses you.
You shoot an arrow. The arrow hits the gnoll!
The gnoll is heavily wounded.
The gnoll hits you from afar with a +0 halberd!
The gnoll hits you with a +0 club.
1762 ||| DRINKING potion of heal wounds.
You feel much better.
The gnoll hits you from afar with a +0 halberd!
The gnoll hits you with a +0 club.
You shoot an arrow. The arrow hits the gnoll.
The gnoll is almost dead.
The gnoll barely misses you. The gnoll hits you with a +0 club!
You shoot an arrow. The arrow hits the gnoll.
You kill the gnoll!
The gnoll barely misses you.
You shoot an arrow. The arrow hits the gnoll.
The gnoll is heavily wounded.
The gnoll barely misses you.
You shoot an arrow. The arrow barely misses the gnoll.
The gnoll hits you from afar with a +0 halberd!
You die...

..g. ... g. .###
#+#g.# #.#..# #
#.#..####.#
#######.#..g)@..#
#.......#%#######
#.####.....# #.#
#<....# #.#
#.....# #.#
####### #.# ..#
###


You could see a gnoll.

Vanquished Creatures
  2 gnolls (D:3)
  2 adders
  2 dart slugs (D:2)
  A ribbon worm (D:2)
  7 bats
  4 endoplasms (D:1)
  A giant cockroach (D:1)
  2 hobgoblins
  3 jackals (D:2)
  2 kobolds (D:2)
  5 quokkas
  A ball python (D:1)
  A frilled lizard (D:1)
  4 goblins
  A rat (D:2)
38 creatures vanquished.

Notes
Turn   | Place    | Note
-------+----------+-------------------------------------------
     0 | D:1      | qw the Gargoyle Hunter began the quest for the Orb.
     0 | D:1      | Reached XP level 1. HP: 12/12 MP: 1/1
     0 | D:1      | 0 ||| qw: Version: 0.3-a-132-g3d54051
     0 | D:1      | 0 ||| qw: Game counter: 503
     0 | D:1      | 0 ||| qw: Melee chars always use a shield: true
     0 | D:1      | 0 ||| qw: God list: Okawaru
     0 | D:1      | 0 ||| qw: Allow faded altars: false
     0 | D:1      | 0 ||| qw: Do Orc after clearing Dungeon:15 true
     0 | D:1      | 0 ||| qw: Do second Lair branch before Depths: true
     0 | D:1      | 0 ||| qw: Lair rune preference: random
     0 | D:1      | 0 ||| qw: Goals: Normal
     0 | D:1      | 0 ||| PLANNING D:1-11
   109 | D:1      | Reached XP level 2. HP: 13/17 MP: 2/2
   528 | D:1      | Found Asove's Magic Scroll Boutique.
   536 | D:1      | 536 ||| SHOPLISTING scroll of brand weapon (114 gold, have
                  | 27).
   536 | D:1      | 536 ||| BUYING scroll of identify (24 gold).
   536 | D:1      | Bought a scroll of identify for 24 gold pieces
   536 | D:1      | 536 ||| SHOPLISTING scroll of identify (24 gold, have 3).
   536 | D:1      | 536 ||| SHOPLISTING scroll of teleportation (36 gold, have
                  | 3).
   595 | D:1      | You fall into a shaft and drop 1 floor!
   620 | D:2      | Reached XP level 3. HP: 21/21 MP: 3/3
   702 | D:2      | 702 ||| FLEEEEING.
   704 | D:2      | 704 ||| STAIRDANCE
   816 | D:1      | Reached skill level 5 in Ranged Weapons
   913 | D:1      | 913 ||| UPGRADING to +0 cloak.
   918 | D:1      | 918 ||| READING 2 scrolls of identify.
   918 | D:1      | 918 ||| IDENTIFYING murky inky potion
   919 | D:1      | 919 ||| READING scroll of identify.
   919 | D:1      | 919 ||| IDENTIFYING pink potion
   920 | D:1      | 920 ||| READING scroll labelled YPHANW PAJ RUSO.
   921 | D:1      | 921 ||| DROPPING scroll of butterflies.
   963 | D:2      | Identified the +0 leather armour of the Kettle-Drum {rElec
                  | rC+ rN+ Int+2}
  1272 | D:2      | Reached skill level 3 in Fighting
  1655 | D:2      | 1655 ||| UPGRADING to +0 leather armour of the Kettle-Drum
                  | {rElec rC+ rN+ Int+2}.
  1665 | D:2      | 1665 ||| DROPPING +0 leather armour.
  1666 | D:2      | 1666 ||| READING scroll labelled BOICHO HEWOR.
  1667 | D:2      | 1667 ||| READING scroll labelled TOPIHE ISHRACIF.
  1726 | D:3      | Reached XP level 4. HP: 24/28 MP: 4/4
  1726 | D:3      | 1726 ||| FLEEEEING.
  1728 | D:3      | 1728 ||| STAIRDANCE
  1741 | D:2      | 1741 ||| READING scroll labelled JOUSUPI IRUFYANE.
  1752 | D:3      | 1752 ||| RETREEEEATING.
  1753 | D:3      | 1753 ||| RETREEEEATING.
  1761 | D:3      | HP: 7/28 [gnoll/+0 club (3)]
  1762 | D:3      | 1762 ||| DRINKING potion of heal wounds.
  1766 | D:3      | Slain by a gnoll

Levels and vault maps discovered:
D:1:      amcnicky_arrival_choice, layout_basic, serial_shops, shop
D:2:      layout_loops_corners
D:3:      layout_basic, mainiacjoe_overflow_alcove_1, uniq_robin, uniq_ijyb

Skill      XL: |  1  2  3 |
---------------+----------+-----
Ranged Weapons | 5 |  5.4
Fighting       | 3 |  3.0
Dodging        | |  1.5
Stealth        | |  1.1

Action                     |  1- 3 |  4- 6 || total
---------------------------+-------+-------++-------
   Fire: Shortbow          |   171 |    12 ||   183
    Use: Scroll            |     5 |     1 ||     6
         Potion            |       |     1 ||     1
 Armour: Leather armour    |    69 |     8 ||    77
  Dodge: Dodged            |    83 |     6 ||    89

Table legend:
 A = Non-vault XP
 B = Vault XP
 C = Vault XP percentage of total XP
 D = Non-vault monster count
 E = Vault monster count
 F = Vault count percentage of total count
                 A         B        C        D         E       F
            +---------+---------+-------+---------+---------+-------
      Total |     120 |       0 |   0.0 |      38 |       0 |   0.0
            +---------+---------+-------+---------+---------+-------
        D:1 |      34 |       0 |   0.0 |      20 |       0 |   0.0
        D:2 |      44 |       0 |   0.0 |      15 |       0 |   0.0
        D:3 |      42 |       0 |   0.0 |       3 |       0 |   0.0
            +---------+---------+-------+---------+---------+-------
